 Dungeon Crawl Stone Soup version 0.21-a0-331-gfb491b4 (webtiles) character file.

9468 Cecky the Arsonist (level 11, -6/85 HPs)
             Began as a Yellow Draconian Fire Elementalist on Oct 3, 2017.
             Was a Believer of Vehumet.
             Mangled by an unseen horror (10 damage)
             ... on level 10 of the Dungeon.
             The game lasted 01:00:30 (15658 turns).

Cecky the Arsonist (DrFE)                          Turns: 15658, Time: 01:00:30

Health: -6/85      AC:  9    Str: 10    XL:     11   Next: 23%
Magic:  21/34      EV: 13    Int: 18    God:    Vehumet [**....]
Gold:   451        SH:  0    Dex: 13    Spells: 13/30 levels left

rFire    . . .     SeeInvis .   I - +4 Vampire's Tooth {vamp}
rCold    . . .     Gourm    .   (no shield)
rNeg     . . .     Faith    .   (armour unavailable)
rPois    .         Spirit   .   (helmet restricted)
rElec    .         Reflect  .   s - +0 cloak {+Inv}
rCorr    +         Harm     .   p - +0 pair of gloves
MR       .....                  (no boots)
Stlth    ++........             (no amulet)
HPRegen  0.24/turn              m - ring of magical power
MPRegen  0.24/turn              b - ring of wizardry

@: about to teleport
A: spit acid, acid resistance, unfitting armour, cold-blooded, AC +7
a: Breathe Acid, Renounce Religion, Evoke Invisibility


You were on level 10 of the Dungeon.
You worshipped Vehumet.
Vehumet was pleased with you.
You were not hungry.

You visited 2 branches of the dungeon, and saw 11 of its levels.

You collected 451 gold pieces.

Inventory:

Hand Weapons
 I - the +4 Vampire's Tooth (weapon) {vamp}
   (You found it on level 8 of the Dungeon)

   It inflicts no extra harm, but heals its wielder when it wounds a living foe.
Missiles
 P - 47 stones (quivered)
Armour
 p - a +0 pair of gloves (worn)
 s - a +0 cloak of invisibility (worn)
Jewellery
 b - a ring of wizardry (right hand)
 h - an uncursed ring of ice
 m - a ring of magical power (left hand)
 B - an uncursed ring of fire
Wands
 v - a wand of acid (10/15)
 y - a wand of iceblast (6/15)
 z - a wand of acid (7/15)
 E - a wand of iceblast (5/15)
 F - a wand of flame (23/48)
Scrolls
 d - a scroll of identify
 g - 3 scrolls of remove curse
 i - 3 scrolls of noise {unknown}
 n - 2 scrolls of enchant armour
 o - 2 scrolls of enchant weapon {unknown}
 q - 3 scrolls of recharging {unknown}
 w - a scroll of amnesia {unknown}
 C - a scroll of random uselessness {unknown}
 G - a scroll of vulnerability {unknown}
 H - 2 scrolls of teleportation
 M - a scroll of brand weapon {unknown}
 N - a scroll of magic mapping {unknown}
Potions
 e - 4 potions of flight
 j - 2 potions of resistance {unknown}
 k - 3 potions of degeneration {unknown}
 r - 3 potions of ambrosia {unknown}
 t - a potion of invisibility {unknown}
 x - a potion of mutation {unknown}
 A - 2 potions of lignification {unknown}
 D - a potion of brilliance {unknown}
 K - a potion of haste
 L - 2 potions of agility {unknown}
Books
 a - a book of Flames

   Spells                             Type                      Level
   a - Flame Tongue                   Conjuration/Fire             1
   b - Throw Flame                    Conjuration/Fire             2
   c - Conjure Flame                  Conjuration/Fire             3
   d - Inner Flame                    Hexes/Fire                   3
   e - Sticky Flame                   Conjuration/Fire             4
   f - Fireball                       Conjuration/Fire             5
 c - a book of Misfortune

   Spells                             Type                      Level
   a - Confusing Touch                Hexes                        1
   b - Confuse                        Hexes                        3
   c - Gell's Gravitas                Translocation                3
   d - Petrify                        Transmutation/Earth          4
   e - Metabolic Englaciation         Hexes/Ice                    5
   f - Yara's Violent Unravelling     Hexes/Transmutation          5
 J - a book of Geomancy

   Spells                             Type                      Level
   a - Sandblast                      Earth                        1
   b - Passwall                       Transmutation/Earth          2
   c - Stone Arrow                    Conjuration/Earth            3
   d - Petrify                        Transmutation/Earth          4
   e - Lee's Rapid Deconstruction     Earth                        5
Miscellaneous
 O - a lightning rod (4/4)
Comestibles
 f - 3 meat rations
 u - 4 bread rations
 Q - 21 fruits


   Skills:
 * Level 4.4 Fighting
 - Level 0.4 Short Blades
 + Level 2.7 Dodging
 - Level 1.7 Stealth
 + Level 10.0 Spellcasting
 - Level 6.9 Conjurations
 - Level 10.9 Fire Magic
 * Level 3.6 Earth Magic
 + Level 0.1 Evocations


You had 13 spell levels left.
You knew the following spells:

 Your Spells              Type           Power        Failure   Level  Hunger
a - Flame Tongue          Conj/Fire      #####        1%          1    None
b - Conjure Flame         Conj/Fire      #####...     1%          3    None
c - Fireball              Conj/Fire      #####.....   2%          5    #####..
d - Sticky Flame          Conj/Fire      #####...     1%          4    ###....
e - Sandblast             Erth           ###...       1%          1    None
f - Stone Arrow           Conj/Erth      ####..       1%          3    None


Dungeon Overview and Level Annotations

Branches:
Dungeon (10/15)            Temple (1/1) D:4            Lair (0/6) D:10
    Orc (0/2) D:10

Altars:
Ru
Vehumet
Zin


Innate Abilities, Weirdness & Mutations

You can spit globs of acid.
You are resistant to acid.
Your golden yellow scales are hard. (AC +7)
You cannot fit into any form of body armour.
You are cold-blooded and may be slowed by cold attacks.


Message History

Something hits you!
* * * LOW HITPOINT WARNING * * *
Something hits you.
* * * LOW HITPOINT WARNING * * *
You feel better. Something hits you.
* * * LOW HITPOINT WARNING * * *
You feel better. Something hits you!
* * * LOW HITPOINT WARNING * * *
As you read the scroll labeled QIWENEITHROT, it crumbles to dust.
It is a scroll of enchant armour.
Really abort (and waste the scroll)? [Y]es or [N]o only, please.
Really abort (and waste the scroll)?
Okay, then.
Something hits you!
* * * LOW HITPOINT WARNING * * *
As you read the scroll of teleportation, it crumbles to dust.
You feel strangely unstable. Something hits you but does no damage.
Something hits you!
You die...

..####.....####..##########.....#
..#.........#...................#
..#.......###....................
.##.......#...............#######
.#........#...............#......
.#++#####'#...............#......
..........................#......
#########'############....#......
................@....#....#......
.....................#....#......
.....................#....#......
..............).)....+....#......
..........#'##'###...#....#..####
...########.))...#...'....####...
...# ........)...#...#...........
...# ............#...#...........
...# ............#...#.#######...


There were no monsters in sight!

Vanquished Creatures
  2 two-headed ogres
  Pikel (D:6)
  Joseph (D:8)
  Maurice (D:8)
  Psyche (D:10)
  2 trolls
  A hornet (D:10)
  Prince Ribbit (D:8)
  3 hippogriffs
  A fire bat (D:9)
  Grum (D:8)
  A wraith (D:10)
  4 yaks
  A black bear (D:7)
  3 ice beasts
  3 orc warriors (D:10)
  2 slaves
  2 phantoms
  6 sky beasts
  The ghost of Argmax the Slasher, an amateur DgSk (D:3)
  3 centaurs
  3 ogres
  3 wolves
  A big kobold (D:9)
  4 bullfrogs
  2 scorpions
  5 wights
  A howler monkey (D:4)
  6 electric eels (D:5)
  2 crimson imps
  A jelly (D:9)
  A gnoll shaman (D:8)
  2 centaur skeletons
  4 orc priests
  4 hounds
  7 orc wizards
  Terence (D:3)
  2 iguanas
  4 worker ants
  A hound zombie (D:5)
  A hound skeleton (D:9)
  4 gnolls (D:8)
  7 adders
  A shadow imp (D:10)
  3 oozes
  An adder skeleton (D:4)
  An adder zombie (D:5)
  5 worms
  4 dart slugs
  9 leopard geckos
  41 orcs
  5 bats
  10 giant cockroaches
  9 goblins
  8 hobgoblins
  6 kobolds
  5 quokkas
  5 frilled lizards
  9 rats
  A plant (D:5)
230 creatures vanquished.

Vanquished Creatures (others)
  2 jackals (D:6)
2 creatures vanquished.

Grand Total: 232 creatures vanquished

Notes
Turn   | Place    | Note
-------+----------+-------------------------------------------
     0 | D:1      | Cecky the Draconian Fire Elementalist began the quest for the Orb.
     0 | D:1      | Reached XP level 1. HP: 14/14 MP: 3/3
   399 | D:1      | Reached XP level 2. HP: 20/20 MP: 3/5
  1495 | D:2      | Reached XP level 3. HP: 26/26 MP: 4/6
  1872 | D:2      | Found a faded altar of an unknown god.
  2030 | D:2      | Reached XP level 4. HP: 17/33 MP: 8/8
  3351 | D:3      | Noticed Argmax's ghost (amateur DgSk)
  3388 | D:3      | Killed Argmax's ghost
  3388 | D:3      | Reached skill level 1 in Fighting
  3388 | D:3      | Reached XP level 5. HP: 26/40 MP: 8/10
  3493 | D:3      | Learned a level 3 spell: Conjure Flame
  3530 | D:3      | Noticed Terence
  3546 | D:3      | Killed Terence
  3546 | D:3      | Reached skill level 5 in Fire Magic
  4096 | D:4      | Reached XP level 6. HP: 47/47 MP: 12/12
  4699 | D:4      | Found a staircase to the Ecumenical Temple.
  4708 | Temple   | Entered the Ecumenical Temple
  4715 | Temple   | Became a worshipper of Vehumet
  5192 | D:5      | Entered Level 5 of the Dungeon
  5446 | D:5      | Your scales start taking on a golden yellow colour.
  5446 | D:5      | Reached XP level 7. HP: 34/52 MP: 13/13
  6081 | D:5      | Noticed a hippogriff
  6116 | D:4      | Killed a hippogriff
  6694 | D:5      | Learned a level 5 spell: Fireball
  6792 | D:5      | Reached XP level 8. HP: 59/59 MP: 14/14
  8354 | D:5      | Reached skill level 5 in Conjurations
  8649 | D:5      | Learned a level 4 spell: Sticky Flame
  8934 | D:6      | Noticed Pikel
  9086 | D:6      | Killed Pikel
  9086 | D:6      | Reached XP level 9. HP: 64/64 MP: 15/15
  9307 | D:6      | HP: 3/64 [centaur/arrow (6)]
  9673 | D:7      | Reached skill level 5 in Spellcasting
 10321 | D:8      | Reached skill level 10 in Fire Magic
 10322 | D:8      | Noticed Grum
 10548 | D:8      | Killed Grum
 10707 | D:8      | Noticed Maurice
 10830 | D:8      | Killed Maurice
 10906 | D:8      | Found the +4 Vampire's Tooth {vamp}
 10969 | D:8      | Noticed Joseph
 11149 | D:8      | Noticed Prince Ribbit
 11170 | D:8      | Killed Prince Ribbit
 11170 | D:8      | Reached XP level 10. HP: 60/71 MP: 20/20
 11271 | D:8      | Reached * piety under Vehumet
 11271 | D:8      | Offered knowledge of Sandblast by Vehumet.
 11560 | D:8      | Learned a level 1 spell: Sandblast
 12919 | D:9      | Noticed a two-headed ogre
 13108 | D:8      | Killed Joseph
 13222 | D:9      | Killed a two-headed ogre
 13222 | D:9      | Reached skill level 1 in Earth Magic
 13890 | D:10     | Entered Level 10 of the Dungeon
 14083 | D:10     | Found a staircase to the Orcish Mines.
 14240 | D:10     | Noticed Psyche
 14255 | D:10     | Paralysed by Psyche for 6 turns
 14262 | D:10     | Killed Psyche
 14487 | D:10     | Learned a level 3 spell: Stone Arrow
 14503 | D:10     | Reached XP level 11. HP: 83/83 MP: 23/24
 14595 | D:10     | Found a staircase to the Lair.
 14600 | D:10     | Offered knowledge of Magic Dart by Vehumet.
 14655 | D:10     | Noticed a two-headed ogre
 14667 | D:10     | Killed a two-headed ogre
 14667 | D:10     | Reached ** piety under Vehumet
 15393 | D:10     | Reached skill level 10 in Spellcasting
 15515 | D:10     | Offered knowledge of Ignite Poison by Vehumet.
 15648 | D:10     | Noticed an unseen horror
 15657 | D:10     | HP: 3/85 [something (10)]
 15658 | D:10     | Mangled by an unseen horror

Vault maps used:
D:1:      arrival_zaba_pyramid, hangedman_decor_points
D:2:      first_bread, chequers_ecumenical_altar_simple, minmay_tall_x
D:3:      item_on_display_a, uniq_terence
D:4:      minmay_temple_entry_trees
D:5:      cheibrodos_two_vegetables
D:6:      lemuel_doored_altar, uniq_pikel
D:8:      uniq_prince_ribbit1, uniq_maurice, uniq_joseph, uniq_grum
D:9:      blue_anna_alchemist, hangedman_incinerator
D:10:     lair_entry_dummy, david_orc_2, uniq_psyche
Temple:   minmay_crystal_snake_temple

Skill      XL: |  1  2  3  4  5  6  7  8  9 10 11 |
---------------+----------------------------------+-----
Fire Magic     | 4 5 6 7 9 10 | 10.9
Spellcasting   | 3 4 7 9 10 | 10.0
Fighting       | 1 3 4 |  4.4
Conjurations   | 2 4 6 |  6.9
Dodging        | 2 |  2.7
Earth Magic    | 2 3 |  3.6
Short Blades   | |  0.4
Stealth        | |  1.7
Evocations     | |  0.1

Action                   |  1- 3 |  4- 6 |  7- 9 | 10-12 || total
-------------------------+-------+-------+-------+-------++-------
Melee: Unarmed           |     4 |       |       |       ||     4
       Dagger            |    18 |     3 |   135 |     9 ||   165
       Tailslap          |       |       |    16 |       ||    16
 Cast: Flame Tongue      |    65 |   152 |   117 |    66 ||   400
       Conjure Flame     |       |     2 |     4 |       ||     6
       Fireball          |       |       |    18 |    23 ||    41
       Sticky Flame      |       |       |    13 |    26 ||    39
       Sandblast         |       |       |       |     8 ||     8
       Stone Arrow       |       |       |       |    46 ||    46
 Abil: Breathe Acid      |       |       |     6 |       ||     6
Evoke: Wand              |       |       |     1 |       ||     1
  Use: Scroll            |     3 |     2 |     3 |     4 ||    12
       Potion            |       |       |     9 |     5 ||    14
 Stab: Sleeping          |     1 |     2 |     1 |       ||     4
  Eat: Chunk             |     2 |     4 |    12 |    13 ||    31
       Bread ration      |     1 |     1 |       |       ||     2
       Meat ration       |       |       |     3 |       ||     3
       Fruit             |       |       |     5 |     4 ||     9
       Royal jelly       |       |       |     2 |     1 ||     3
Armor: Skin              |    14 |    17 |    96 |    52 ||   179
Dodge: Dodged            |    30 |    52 |   175 |    61 ||   318

Table legend:
 A = Spawn XP
 B = Non-spawn XP
 C = Spawn XP percentage of total XP
 D = Spawn monster count
 E = Non-spawn monster count
 F = Spawn count percentage of total count
 G = Total turns spent on level
                    A         B        C        D         E        F      G
               +---------+---------+-------+---------+---------+-------+---------
         Total |       0 |   13526 |   0.0 |       0 |     227 |   0.0 | 15658
               +---------+---------+-------+---------+---------+-------+---------
           D:1 |       0 |      32 |   0.0 |       0 |      17 |   0.0 |  1122
           D:2 |       0 |     102 |   0.0 |       0 |      34 |   0.0 |  1870
           D:3 |       0 |     186 |   0.0 |       0 |      14 |   0.0 |   953
           D:4 |       0 |     621 |   0.0 |       0 |      23 |   0.0 |  2094
           D:5 |       0 |    1071 |   0.0 |       0 |      28 |   0.0 |  2715
           D:6 |       0 |    1187 |   0.0 |       0 |      16 |   0.0 |   539
           D:7 |       0 |    1041 |   0.0 |       0 |      10 |   0.0 |  1812
           D:8 |       0 |    3058 |   0.0 |       0 |      20 |   0.0 |  1571
           D:9 |       0 |    2404 |   0.0 |       0 |      21 |   0.0 |  1199
          D:10 |       0 |    3824 |   0.0 |       0 |      44 |   0.0 |  1768
               +---------+---------+-------+---------+---------+-------+---------
